 Dungeon Crawl Stone Soup version 0.15.2 (webtiles) character file.

356 Huymann the Ruffian (level 6, 0/56 HPs)
             Began as a Minotaur Monk on July 18, 2017.
             Was a Priest of Cheibriados.
             Killed from afar by Blork the orc (9 damage)
             ... with a puff of frost
             ... on Level 4 of the Dungeon.
             The game lasted 00:36:18 (3649 turns).

Huymann the Ruffian (Minotaur Monk)                 Turns: 3649, Time: 00:36:19

HP   0/56        AC  5     Str 23      XL: 6   Next: 36%
MP   3/3         EV 14     Int 16      God: Cheibriados [***...]
Gold 153         SH  0     Dex 19      Spells:  0 memorised,  5 levels left

rFire  + . .     SeeInvis .       - Unarmed
rCold  . . .     Clarity  .     u - +1 leather armour
rNeg   + . .     rCorr    .     (no shield)
rPois  .         rRot     .     (helmet restricted)
rElec  .         Spirit   .     M - +0 cloak
SustAb +         Warding  .     (no gloves)
rMut   .         Stasis   .     (no boots)
Gourm  .                        (no amulet)
MR     .....                    j - ring of sustain abilities
                                d - ring of positive energy

@: confused, very slow, not resistant to hostile enchantments, very unstealthy
A: retaliatory headbutt, horns 2, fire resistance 1, wild magic 1
a: Bend Time, Temporal Distortion, Renounce Religion


You were on level 4 of the Dungeon.
You worshipped Cheibriados.
Cheibriados was most pleased with you.
You were not hungry.

You visited 1 branch of the dungeon, and saw 4 of its levels.

You collected 153 gold pieces.

Inventory:

Hand weapons
 h - a +0 dagger
 y - a +0 hunting sling
Missiles
 c - 149 stones (quivered)
 f - 14 arrows
 E - 13 arrows of dispersal
 I - 2 tomahawks
 L - 33 poisoned needles
Armour
 a - a +0 robe
 e - a +0 robe
 n - a +0 robe
 p - a +0 robe
 u - a +1 leather armour (worn)
 B - a cursed +0 robe
 D - a +0 robe
 M - a +0 cloak (worn)
Magical devices
 F - a wand of slowing (10)
 K - a wand of frost (0)
Comestibles
 b - 2 bread rations
 v - 3 meat rations
 R - 3 rotting chunks of worker ant flesh
Scrolls
 k - a scroll of fog {unknown}
 l - a scroll of teleportation
 q - a scroll of magic mapping {unknown}
 C - a scroll of enchant weapon {unknown}
 H - a scroll of amnesia {unknown}
 O - a scroll of enchant armour
 Q - a scroll of blinking {unknown}
Jewellery
 d - a ring of positive energy (left hand)
 j - a ring of sustain abilities (right hand)
 m - a +4 ring of dexterity {unknown}
 o - a cursed ring of loudness {unknown}
 t - a cursed -3 ring of evasion {unknown}
 w - an uncursed ring of regeneration {unknown}
 x - an uncursed ring of sustain abilities
 J - a +3 ring of evasion {unknown}
Potions
 g - a potion of restore abilities
 s - a potion of haste
 z - 3 potions of poison


   Skills:
 * Level 5.2 Fighting
 + Level 1.1 Throwing
 * Level 2.2 Armour
 + Level 4.1 Dodging
 * Level 2.8 Stealth
 * Level 5.9 Unarmed Combat


You had 5 spell levels left.
You didn't know any spells.

Dungeon Overview and Level Annotations

Branches:
Dungeon (4/15)             Temple (0/1) D:4

Altars:
Cheibriados

Annotations:
D:3 Sigmund
D:4 Blork the orc, Eustachio


Innate Abilities, Weirdness & Mutations

You reflexively headbutt those who attack you in melee.
You have a pair of horns on your head.
Your flesh is heat resistant.
Your spells are a little harder to cast, but a little more powerful.


Message History

Blork the orc hits you with a flail.
* * * LOW HITPOINT WARNING * * *
You hit Blork the orc but do no damage. Your headbutt misses Blork the orc.
Blork the orc zaps a wand.
You easily resist.
Blork the orc barely misses you.
You hit Blork the orc.
Blork the orc is lightly wounded.
Blork the orc zaps a wand.
You are confused.
You feel less in control of your magic.
You feel fantastic!
Blork the orc zaps a wand.
You easily resist.
Blork the orc misses you.
Blork the orc zaps a wand.
You easily resist.
Blork the orc hits you with a flail!
* * * LOW HITPOINT WARNING * * *
You're too confused!
You're too confused!
Blork the orc zaps a wand.
You easily resist.
Blork the orc points at you and mumbles some strange words.
The puff of frost hits you!
You die...

#.<..##...
##..........
#..###..... ##..#
#... ####..## ..#
#.#.#....## #..##
#........# #....##
###..##..##
##......#
##.#..@.####.....#
#......o.#......#
#..#####........#
#.# ##..#....# #.#
#..##....# #. #..#
.o.... #..# ...##
...# ..## ..... ##


You could see Blork the orc.

Vanquished Creatures
  2 orc priests (D:3)
  2 worker ants
  Natasha (thrice) (D:3)
  Jessica (D:3)
  2 gnolls
  3 adders
  A giant mite (D:3)
  5 worms
  An adder zombie (D:1)
  5 giant geckos
  An ooze (D:2)
  13 orcs
  2 bats (D:2)
  4 giant cockroaches
  8 hobgoblins
  5 jackals
  2 quokkas (D:2)
  A ball python (D:4)
  6 giant newts
  8 goblins
  12 kobolds
  A quokka zombie (D:1)
  10 rats
  A plant (D:2)
99 creatures vanquished.

Notes
Turn   | Place    | Note
--------------------------------------------------------------
     0 | D:1      | Huymann, the Minotaur Monk, began the quest for the Orb.
     0 | D:1      | Reached XP level 1. HP: 19/19 MP: 1/1
   322 | D:1      | Reached XP level 2. HP: 20/27 MP: 1/1
  1051 | D:1      | Reached XP level 3. HP: 7/33 MP: 2/2
  1369 | D:2      | Reached skill level 5 in Unarmed Combat
  1480 | D:2      | Reached XP level 4. HP: 4/40 MP: 2/2
  2395 | D:3      | Noticed Natasha
  2406 | D:3      | Killed Natasha
  2492 | D:3      | Reached skill level 1 in Armour
  2504 | D:3      | Noticed Jessica
  2690 | D:3      | Noticed Natasha
  2695 | D:3      | Killed Natasha
  2695 | D:3      | Reached XP level 5. HP: 35/47 MP: 2/2
  2726 | D:3      | Found a snail-covered altar of Cheibriados.
  2756 | D:3      | Became a worshipper of Cheibriados the Contemplative
  2847 | D:3      | Noticed Natasha
  2850 | D:3      | Killed Natasha
  2952 | D:3      | Killed Jessica
  2952 | D:3      | Reached skill level 1 in Throwing
  3029 | D:3      | Noticed Sigmund
  3098 | D:3      | Reached skill level 5 in Fighting
  3098 | D:3      | Reached XP level 6. HP: 54/56 MP: 3/3
  3258 | D:4      | Acquired Cheibriados' first power
  3548 | D:4      | Found a staircase to the Ecumenical Temple.
  3562 | D:4      | Noticed Eustachio
  3632 | D:4      | Noticed Blork the orc
  3640 | D:4      | Gained mutation: Your flesh is heat resistant. [potion of beneficial mutation]
  3646 | D:4      | Gained mutation: Your spells are a little harder to cast, but a little more powerful. [potion of beneficial mutation]
  3649 | D:4      | Killed from afar by Blork the orc

Action                   |  1- 3 |  4- 6 || total
-------------------------+-------+-------++-------
Melee: Unarmed           |   102 |   169 ||   271
Throw: Stone             |    37 |    52 ||    89
Evoke: Wand              |       |     2 ||     2
  Use: Potion            |     1 |     6 ||     7
       Scroll            |       |     2 ||     2
 Stab: Sleeping          |     3 |       ||     3
  Eat: Chunk             |     2 |     4 ||     6
       Pizza             |       |     2 ||     2
